 Dungeon Crawl Stone Soup version 0.30-a0-219-gf2db51d15e (webtiles) character file.

Game seed: 17369948546251071721

4 Darkkill the Grave Robber (level 1, -1/14 HPs)
             Began as a Ghoul Necromancer on Oct 7, 2022.
             Slain by a kobold
             ... wielding a +2 dagger of freezing
              (2 damage)
             ... on level 1 of the Dungeon.
             The game lasted 00:00:20 (246 turns).

Darkkill the Grave Robber (Ghoul Necromancer)        Turns: 246, Time: 00:00:21

Health: -1/14      AC:  2    Str: 11    XL:     1   Next: 70%
Magic:  2/2        EV: 12    Int: 10    God:
Gold:   20         SH:  0    Dex:  9    Spells: 2/3 levels left

rFire   . . .      SeeInvis .    (no weapon)
rCold   + . .      Faith    .    (no shield)
rNeg    + + +      Spirit   .    a - +0 robe
rPois   ∞          Reflect  .    (no helmet)
rElec   .          Harm     .    (no cloak)
rCorr   .          Rampage  .    (no gloves)
Will    .....                    (no boots)
Stlth   ++........               (no amulet)
HPRegen 0.00/turn                (no ring)
MPRegen 0.08/turn                (no ring)

@: inhibited regen
A: claws 1, cold resistance 1, negative energy resistance 3, inhibited
regeneration, torment resistance 2, devour on kill
a: no special abilities


You were on level 1 of the Dungeon.
You visited 1 branch of the dungeon, and saw 1 of its levels.

You collected 20 gold pieces.

Inventory:

Hand Weapons
 f - a +1 whip of electrocution
Missiles
 e - 4 stones
Armour
 a - a +0 robe (worn)
Scrolls
 c - a scroll of fear {unknown}
Potions
 b - a potion of magic
 d - a potion of cancellation {unknown}


   Skills:
 + Level 1.9 Dodging
 + Level 2.3 Stealth
 + Level 1.8 Spellcasting
 + Level 4.0 Necromancy


You had 2 spell levels left.
You knew the following spells:

 Your Spells              Type           Power      Damage    Failure   Level
a - Necrotise             Necr           36%        1d5       6%          1

Your spell library contained the following spells:

 Spells                   Type           Power      Damage    Failure   Level
 Vampiric Draining        Necr           9%         2d6       19%         3
 Animate Dead             Necr           9%         N/A       52%         4
 Agony                    Necr           9%         N/A       86%         5


Dungeon Overview and Level Annotations

Branches:
Dungeon (1/15)

Altars:


Innate Abilities, Weirdness & Mutations

You are immune to poison.
You have sharp fingernails.
Your flesh is cold resistant. (rC+)
You are immune to negative energy. (rN+++)
You do not regenerate when monsters are visible.
You are immune to unholy pain and torment.
You thrive by killing the living.


Message History

The kobold hits you but does no damage.
You closely miss the kobold.
The kobold is moderately wounded.
The kobold hits you with a +0 dagger.
You completely miss the kobold.
The kobold is moderately wounded.
The kobold barely misses you.
You scratch the kobold.
You kill the kobold!
You feel better.
Found a runed whip.
e - 4 stones You see here a +0 dagger.
HP restored.
You see here a +1 whip of electrocution.
You now have 8 gold pieces.
A quokka comes into view.
A quokka is nearby!
A quokka is nearby!
A quokka is nearby!
Found a stone staircase leading down.
You see here a +0 dagger.
You see here a +1 whip of electrocution.
f - a +1 whip of electrocution You see here a +0 club.
You now have 20 gold pieces (gained 12).
There is an open door here.
You open the door.
There is an open door here.
Found a ring mail.
A rat comes into view.
A rat is nearby!
A rat is nearby!
A rat is nearby!
Found a pink potion.
Found a roughly hewn altar of Beogh.
A giant cockroach and a dart slug come into view.
A dart slug comes into view.
The dart slug launches a dart at you.
The slug dart hits you but does no damage.
You see here a +0 ring mail.
The giant cockroach barely misses you.
Really attack while wielding nothing? [Y]es or [N]o only, please.
Really attack while wielding nothing? [Y]es or [N]o only, please.
Really attack while wielding nothing? [Y]es or [N]o only, please.
Really attack while wielding nothing? [Y]es or [N]o only, please.
Really attack while wielding nothing? [Y]es or [N]o only, please.
Really attack while wielding nothing? [Y]es or [N]o only, please.
Really attack while wielding nothing? [Y]es or [N]o only, please.
Really attack while wielding nothing? [Y]es or [N]o only, please.
Really attack while wielding nothing?
You closely miss the rat. The giant cockroach barely misses you.
The dart slug barely misses you. The giant cockroach bites you.
The rat barely misses you.
You closely miss the rat. The giant cockroach misses you.
The dart slug launches a dart at you. The slug dart hits you.
The dart slug closely misses you. The rat barely misses you.
You scratch the rat.
You kill the rat!
You feel better. The giant cockroach barely misses you.
A kobold comes into view. It is wielding a +2 dagger of freezing.
Found a potion of magic and 3 scrolls labelled BELLYCZ NUTIQYO.
The kobold shouts!
The giant cockroach closely misses you.
You scratch the giant cockroach.
The giant cockroach is severely wounded.
The giant cockroach bites you. The dart slug closely misses you.
You scratch the giant cockroach.
You kill the giant cockroach!
The dart slug barely misses you.
The dart slug bites you but does no damage.
The dart slug closely misses you.
You scratch the dart slug but do no damage.
The dart slug bites you but does no damage.
The dart slug barely misses you.
You barely miss the dart slug.
The kobold hits you with a +2 dagger of freezing.
The kobold freezes you.
* * * LOW HITPOINT WARNING * * *
You scratch the dart slug.
The dart slug is lightly wounded.
The dart slug barely misses you. The dart slug bites you.
* * * LOW HITPOINT WARNING * * *
The kobold barely misses you.
You scratch the dart slug.
The dart slug is severely wounded.
The dart slug bites you.
* * * LOW HITPOINT WARNING * * *
The dart slug bites you.
* * * LOW HITPOINT WARNING * * *
The kobold hits you with a +2 dagger of freezing.
You die...

#?. #.... ##+###
#. #....##.....##
#.###...##!......#
........#.........
........$....... .
.........K..#§#...
......⌠...@.≈_≈...
........[.ww#≈#..!
..................
##..##..#.........
#. ##.##.......#
#..###..##.....##.
#........###+###..
#.##.##....# ..# 8
#.##....###..#


You could see 2 dart slugs and a kobold.

Vanquished Creatures
  A giant cockroach (D:1)
  A goblin (D:1)
  A kobold (D:1)
  A rat (D:1)
4 creatures vanquished.

Notes
Turn   | Place    | Note
-------+----------+-------------------------------------------
     0 | D:1      | Darkkill the Ghoul Necromancer began the quest for the Orb.
     0 | D:1      | Reached XP level 1. HP: 14/14 MP: 2/2
   246 | D:1      | HP: 2/14 [dart slug (1)]
   246 | D:1      | Slain by a kobold

Illustrated notes

Levels and vault maps discovered:
D:1:      heliophobic_arrival_ceremonial_halls, layout_basic,
          hellmonk_ecumenical_altar_defaced_shrine

Action                   || total
-------------------------++-------
Melee: Unarmed           ||    17
Armor: Robe              ||     6
Dodge: Dodged            ||    17

Table legend: (Time is in decaauts)
 A = Elapsed time spent in this place.
 B = Non-inter-level travel time spent in this place.
 C = Inter-level travel time spent in this place.
 D = Time resting spent in this place.
 E = Time spent auto-exploring this place.
 F = Levels seen in this place.
 G = Mean time per level.
                   A        B        C        D        E       F      G
               +--------+--------+--------+--------+--------+-----+--------+
         Total |    246 |    246 |      0 |      0 |    186 |   1 |  246.0 |
       Dungeon |    246 |    246 |      0 |      0 |    186 |   1 |  246.0 |
               +--------+--------+--------+--------+--------+-----+--------+

Top non-repeatable levels by time:
     D:1: 246 daAuts

Table legend:
 A = Kills in this place as a percentage of kills in entire the game.
 B = Kills by you in this place as a percentage of kills by you in the entire game.
 C = Kills by friends in this place as a percentage of kills by friends in the entire game.
 D = Other kills in this place as a percentage of other kills in the entire game.
 E = Experience gained in this place as a percentage of experience gained in the entire game.
 F = Experience gained in this place divided by the number of levels of this place that you have seen.
                   A       B       C       D       E      F
               +-------+-------+-------+-------+-------+----------------------
         Total | 100.0 | 100.0 |   N/A |   N/A | 100.0 |   7.0
       Dungeon | 100.0 | 100.0 |   N/A |   N/A | 100.0 |   7.0
               +-------+-------+-------+-------+-------+----------------------
